 Dungeon Crawl Stone Soup version 0.30-a0-920-g7493c07aab (webtiles) character file.

Game seed: 18051818398754730134

89 oldriver the Chiller (level 4, -5/36 HPs)
             Began as a Draconian Ice Elementalist on Mar 21, 2023.
             Killed by divine providence
             ... invoked by an orc priest
              (15 damage)
             ... on level 2 of the Dungeon.
             The game lasted 00:02:50 (2258 turns).

oldriver the Chiller (Draconian Ice Elementalist)   Turns: 2258, Time: 00:02:50

Health: -5/36      AC: 11    Str: 11    XL:     4   Next: 31%
Magic:  2/8        EV: 12    Int: 17    God:
Gold:   99         SH:  0    Dex: 11    Spells: 1/8 levels left

rFire   . . .      SeeInvis .    (no weapon)
rCold   . . .      Faith    .    (no shield)
rNeg    . . .      Spirit   .    (body armour unavailable)
rPois   .          Reflect  .    (helmet restricted)
rElec   .          Rampage  .    (no cloak)
rCorr   .                        (no gloves)
Will    .....                    (no boots)
Stlth   ++                       (no amulet)
HPRegen 0.26/turn                (no ring)
MPRegen 0.11/turn                (no ring)

@: ice-armoured, freezing walls
A: AC +5, unfitting armour, cold-blooded
a: no special abilities


You were on level 2 of the Dungeon.
You visited 1 branch of the dungeon, and saw 3 of its levels.

You collected 99 gold pieces.

Inventory:

Missiles
 f - 4 silver javelins
 l - a throwing net
 m - 5 poisoned darts
Jewellery
 i - an amulet of the acrobat
Scrolls
 b - a scroll of vulnerability {unknown}
 j - a scroll of immolation {unknown}
 k - a scroll of brand weapon {unknown}
 n - a scroll of identify {unknown}
Potions
 a - a potion of magic
 c - 3 potions of flight {unknown}
 d - a potion of curing {unknown}
 e - 2 potions of resistance
 g - 2 potions of ambrosia {unknown}
 h - a potion of heal wounds {unknown}


   Skills:
 + Level 1.9 Fighting
 - Level 1.7 Dodging
 - Level 1.7 Stealth
 + Level 2.6 Spellcasting
 * Level 5.0 Ice Magic


You had one spell level left.
You knew the following spells:

 Your Spells              Type           Power      Damage    Failure   Level
a - Freeze                Ice            76%        1d8       2%          1
b - Frozen Ramparts       Ice            38%        1d6       7%          3
c - Ozocubu's Armour      Ice            19%        N/A       7%          3

Your spell library contained the following spells:

 Spells                   Type           Power      Damage    Failure   Level
 Summon Ice Beast         Ice/Summ       10%        N/A       54%         4


Dungeon Overview and Level Annotations

Branches:
Dungeon (3/15)

Altars:


Innate Abilities, Weirdness & Mutations

Your plain brown scales are hard. (AC +5)
You cannot fit into any form of body armour.
You are cold-blooded and may be slowed by cold attacks.


Message History

Beogh smites you!
You are too injured to fight recklessly!
Unknown command.
The kobold attacks as you move away! The kobold hits you but does no damage.
Casting: Freeze (safe; 2% risk of failure)
Confirm with . or Enter, or press ? or * to list all spells.
Casting: Frozen Ramparts (dangerous; 7% risk of failure)
Press: ? - help, Dir - look around, f - activate The walls around you are covered in ice.
The wall freezes the kobold.
You kill the kobold!
The wall freezes the orc wizard.
The orc wizard casts a spell at you. The puff of flame hits you.
The wall freezes the orc but does no damage.
Casting: Frozen Ramparts (dangerous; 7% risk of failure)
Confirm with . or Enter, or press ? or * to list all spells.
A film of ice covers your body!
The wall freezes the orc wizard.
The orc wizard mumbles some strange words.
The orc wizard flickers and vanishes!
Deactivating autopickup; reactivate with Ctrl-A.
The wall freezes the orc.
You aren't carrying any items that you can evoke.
Unknown command.
Throw: 5 javelins (silver)
Press: ? - help, Shift-Dir - straight line, f - orc priest
Aim: an orc priest, wielding a +0 hand axe and wearing a +0 leather armour (54% to hit)
You throw a silver javelin.
The silver javelin closely misses the orc.
The silver javelin barely misses the orc priest.
The wall freezes the orc priest.
The orc priest calls upon Beogh to heal the orc.
The orc's wounds heal themselves!
The wall freezes something.
The wall freezes the orc but does no damage.
The orc hits you with a +4 heavy flail!
* * * LOW HITPOINT WARNING * * *
The wall freezes something.
The wall freezes the orc priest.
The orc priest invokes the aid of Beogh against you.
Beogh smites you!
You die...

..#.##
.....
#.#.# #
#..(# ..#
#.w##.o...
#.o.o.w...
.##
#.##......
..# #o#
#...# #.
#@# .##
... #.#
... #.##
... #..#
... #..#
.#. #..#
#..# ##..#
#...#


You could see an orc priest, a dart slug and an orc.

Vanquished Creatures
  Jessica (D:2)
  2 worms (D:2)
  3 orcs
  6 ball pythons
  4 bats
  6 endoplasms
  2 giant cockroaches (D:3)
  8 hobgoblins
  2 frilled lizards (D:3)
  6 goblins
  8 kobolds
  4 rats
52 creatures vanquished.

Notes
Turn   | Place    | Note
-------+----------+-------------------------------------------
     0 | D:1      | oldriver the Draconian Ice Elementalist began the quest for
                  | the Orb.
     0 | D:1      | Reached XP level 1. HP: 14/14 MP: 3/3
   218 | D:1      | Reached XP level 2. HP: 22/22 MP: 3/5
   434 | D:1      | Reached skill level 1 in Fighting
  1032 | D:2      | Reached XP level 3. HP: 10/28 MP: 1/6
  1930 | D:3      | Found a faded altar of an unknown god.
  1966 | D:3      | Learned a level 3 spell: Frozen Ramparts
  1970 | D:3      | Learned a level 3 spell: Ozocubu's Armour
  2016 | D:2      | Noticed Jessica
  2026 | D:2      | Killed Jessica
  2027 | D:2      | Reached skill level 5 in Ice Magic
  2027 | D:2      | Reached XP level 4. HP: 30/36 MP: 2/7
  2258 | D:2      | Killed from afar by an orc priest

Illustrated notes

Levels and vault maps discovered:
D:1:      dpeg_arrival_tiny_c, layout_loops_ring
D:2:      layout_loops_ring, minmay_large_rounded_square, uniq_jessica
D:3:      layout_basic, ebering_ecumenical_altar_sacrificial

Skill      XL: |  1  2  3 |
---------------+----------+-----
Fighting       | 1 |  1.9
Ice Magic      | 5 |  5.0
Dodging        | |  1.7
Stealth        | |  1.7
Spellcasting   | |  2.6

Action                     |  1- 3 |  4- 6 || total
---------------------------+-------+-------++-------
  Melee: Unarmed           |    30 |     4 ||    34
         Tailslap          |     5 |       ||     5
  Throw: Javelin           |       |     1 ||     1
   Cast: Freeze            |    69 |     4 ||    73
         Frozen Ramparts   |     1 |     2 ||     3
         Ozocubu's Armour  |       |     1 ||     1
   Stab: Sleeping          |     1 |       ||     1
 Armour: Skin              |    21 |     1 ||    22
  Dodge: Dodged            |    47 |     8 ||    55

Table legend: (Time is in decaauts)
 A = Elapsed time spent in this place.
 B = Non-inter-level travel time spent in this place.
 C = Inter-level travel time spent in this place.
 D = Time resting spent in this place.
 E = Time spent auto-exploring this place.
 F = Levels seen in this place.
 G = Mean time per level.
                   A        B        C        D        E       F      G
               +--------+--------+--------+--------+--------+-----+--------+
         Total |   2263 |   2249 |     14 |    105 |   1719 |   3 |  754.3 |
       Dungeon |   2263 |   2249 |     14 |    105 |   1719 |   3 |  754.3 |
               +--------+--------+--------+--------+--------+-----+--------+

Top non-repeatable levels by time:
     D:1: 974 daAuts
     D:3: 834 daAuts
     D:2: 454 daAuts
